 Dungeon Crawl Stone Soup version 0.25-a0-734-g73332ae (webtiles) character file.

Game seed: 8554610870964121350, levelgen mode: deterministic

102 BlueFish the Magician (level 4, -2/32 HPs)
             Began as a Mummy Wizard on Apr 10, 2020.
             Slain by an adder (5 damage)
             ... on level 2 of the Dungeon.
             The game lasted 00:04:23 (2712 turns).

BlueFish the Magician (Mummy Wizard)                Turns: 2712, Time: 00:04:24

Health: -2/32      AC:  2    Str: 10    XL:     4   Next: 50%
Magic:  6/11       EV: 12    Int: 18    God:
Gold:   28         SH:  0    Dex: 10    Spells: 3/13 levels left

rFire    x . .     SeeInvis .   c - +3 hand axe
rCold    + . .     Gourm    .   (no shield)
rNeg     + + +     Faith    .   a - +0 robe
rPois    ∞         Spirit   .   b - +0 hat
rElec    .         Reflect  .   (no cloak)
rCorr    .         Harm     .   (no gloves)
MR       .....                  (no boots)
Stlth    ++........             (no amulet)
HPRegen  0.10/turn              (no ring)
MPRegen  0.12/turn              (no ring)

@: no status effects
A: no food or potions, fire vulnerability, cold resistance 1, negative energy
resistance 3, torment resistance, unbreathing
a: no special abilities


You were on level 2 of the Dungeon.
You were not hungry.

You visited 1 branch of the dungeon, and saw 2 of its levels.

You collected 28 gold pieces.

Inventory:

Hand Weapons
 c - a +3 hand axe (weapon)
Armour
 a - a +0 robe (worn)
 b - a +0 hat (worn)
Scrolls
 d - a scroll of blinking {unknown}
 e - a scroll of immolation {unknown}


   Skills:
 * Level 1.2 Fighting
 + Level 0.1 Axes
 * Level 2.4 Dodging
 * Level 2.0 Stealth
 * Level 5.2 Spellcasting
 + Level 1.0 Conjurations
 + Level 0.7 Summonings
 + Level 0.7 Translocations


You had 3 spell levels left.
You knew the following spells:

 Your Spells              Type           Power        Failure   Level  Hunger
a - Magic Dart            Conj           #...         9%          1    N/A
b - Blink                 Tloc           N/A          14%         2    N/A
c - Call Imp              Summ           #.......     14%         2    N/A
d - Slow                  Hex            #.......     21%         2    N/A
e - Mephitic Cloud        Conj/Pois/Air  #.......     34%         3    N/A

Your spell library contained the following spells:

 Spells                   Type           Power        Failure   Level  Hunger
 Conjure Flame            Conj/Fire      #.......     30%         3    N/A

Dungeon Overview and Level Annotations

Branches:
Dungeon (2/15)

Altars:


Innate Abilities, Weirdness & Mutations

You do not eat or drink.
Your flesh is vulnerable to fire.
You are immune to poison.
Your flesh is cold resistant. (rC+)
You are immune to negative energy. (rN+++)
You are immune to unholy pain and torment.
You can survive without breathing.


Message History

The adder bites your shadow imp but does no damage.
The adder barely misses your shadow imp.
Your shadow imp hits the adder.
The adder bites your shadow imp.
Your shadow imp misses the adder.
The adder bites your shadow imp.
Your shadow imp is poisoned.
The adder poisons your shadow imp!
Your shadow imp barely misses the adder.
The adder barely misses your shadow imp.
Your shadow imp closely misses the adder.
The adder misses your shadow imp.
The adder barely misses your shadow imp.
Your shadow imp barely misses the adder.
The adder misses your shadow imp.
Your shadow imp hits the adder.
The adder barely misses your shadow imp.
Your shadow imp completely misses the adder.
Your crimson imp blinks!
Your shadow imp dies!
The adder bites you.
You die...

#.......K.........
#...5(............
#.#.......(.......
#.###+###)########...#####
.....?..'†# #...#
#.###+###†# #...# #.#
#...# #S# #...# ### #@#
#(..# #.. #5# #...# #.#
#(# #####.####>.
##+#######.# #.....[.....
...........# #.#####.##.#
######.########.##........
#)# #.........#.##.. #.#
#.###.###.#.##.. #.####.#
#.......####


You could see an adder and a friendly crimson imp.

Vanquished Creatures
  4 adders (D:2)
  A gnoll (D:1)
  A worm (D:2)
  2 leopard geckos
  3 giant cockroaches (D:2)
  3 hobgoblins (D:1)
  2 jackals (D:1)
  A ball python (D:2)
  9 bats
  4 frilled lizards (D:1)
  7 goblins
  6 kobolds
  2 rats
45 creatures vanquished.

Vanquished Creatures (collateral kills)
  An adder (D:2)
  2 kobolds (D:2)
3 creatures vanquished.

Grand Total: 48 creatures vanquished

Notes
Turn   | Place    | Note
-------+----------+-------------------------------------------
     0 | D:1      | BlueFish the Mummy Wizard began the quest for the Orb.
     0 | D:1      | Reached XP level 1. HP: 13/13 MP: 5/5
   295 | D:1      | Reached XP level 2. HP: 12/20 MP: 1/7
   296 | D:1      | Reached skill level 1 in Fighting
   466 | D:1      | Learned a level 2 spell: Blink
   469 | D:1      | Learned a level 2 spell: Call Imp
   472 | D:1      | Learned a level 2 spell: Slow
  1098 | D:1      | Reached XP level 3. HP: 26/26 MP: 7/9
  1103 | D:1      | Learned a level 3 spell: Mephitic Cloud
  2045 | D:2      | Reached skill level 1 in Conjurations
  2252 | D:2      | Reached skill level 5 in Spellcasting
  2252 | D:2      | Reached XP level 4. HP: 29/32 MP: 7/11
  2697 | D:2      | HP: 1/32 [kobold/+0 short sword (2)]
  2712 | D:2      | Slain by an adder

Levels and vault maps discovered:
D:1:      dpeg_arrival_round_a, layout_loops_ring, serial_forest,
          infiniplex_forest_straight_2, infiniplex_forest_lined_3_way,
          infiniplex_forest_end_2, infiniplex_forest_clump_large,
          infiniplex_forest_clump_large, infiniplex_forest_clump_tiny,
          infiniplex_forest_side_room, infiniplex_forest_clump_small
D:2:      layout_loops_cross, first_ration, minmay_door_square

Skill      XL: |  1  2  3  4 |
---------------+-------------+-----
Fighting       | 1 |  1.2
Dodging        | 2 |  2.4
Conjurations   | 1 |  1.0
Spellcasting   | 5 |  5.2
Stealth        | 2 |  2.0
Axes           | |  0.1
Summonings     | |  0.7
Translocations | |  0.7

Action                   |  1- 3 |  4- 6 || total
-------------------------+-------+-------++-------
Melee: Whip              |    10 |       ||    10
       Club              |     5 |       ||     5
       Hand axe          |    27 |    28 ||    55
 Cast: Magic Dart        |    92 |    15 ||   107
       Call Imp          |     2 |     5 ||     7
Armor: Robe              |    16 |     3 ||    19
Dodge: Dodged            |    37 |    26 ||    63

Table legend:
 A = Non-vault XP
 B = Vault XP
 C = Vault XP percentage of total XP
 D = Non-vault monster count
 E = Vault monster count
 F = Vault count percentage of total count
                 A         B        C        D         E       F
            +---------+---------+-------+---------+---------+-------
      Total |     147 |       0 |   0.0 |      48 |       0 |   0.0
            +---------+---------+-------+---------+---------+-------
        D:1 |      51 |       0 |   0.0 |      25 |       0 |   0.0
        D:2 |      96 |       0 |   0.0 |      23 |       0 |   0.0
            +---------+---------+-------+---------+---------+-------
